 Dungeon Crawl Stone Soup version 0.29-a0-341-g24ffce5b50 (webtiles) character file.

Game seed: 15780776368337826733

7420 siradein the Arsonist (level 11, -15/78 HPs)
             Began as a Human Fire Elementalist on Apr 20, 2022.
             Was a Priest of Vehumet.
             Demolished by Urug
             ... wielding a +4 eveningstar
              (24 damage)
             ... on level 10 of the Dungeon on Apr 21, 2022.
             The game lasted 00:56:58 (14690 turns).

siradein the Arsonist (Human Fire Elementalist)    Turns: 14690, Time: 00:56:59

Health: -15/78     AC:  7    Str:  8    XL:     11   Next: 36%
Magic:  27/32      EV: 13    Int: 20    God:    Vehumet [***...]
Gold:   472        SH:  4    Dex: 14    Spells: 2/26 levels left

rFire   + + .      SeeInvis .   E - staff of fire
rCold   x . .      Faith    .   i - +1 buckler
rNeg    . . .      Spirit   .   H - +1 leather armour {Will+}
rPois   .          Reflect  .   w - +0 helmet
rElec   .          Harm     .   q - +0 cloak
rCorr   .          Rampage  .   (no gloves)
Will    +....                   A - +0 pair of boots
Stlth   ++........              (no amulet)
HPRegen 0.23/turn               I - ring of fire
MPRegen 0.23/turn               L - ring of magical power

@: no status effects
A: no striking features
a: Renounce Religion


You were on level 10 of the Dungeon.
You worshipped Vehumet.
Vehumet was most pleased with you.
You visited 2 branches of the dungeon, and saw 11 of its levels.

You collected 472 gold pieces.

Inventory:

Hand Weapons
 G - the +2 flail of Meidesa {flame, rF+ rC+ Str+3}
   (You took it off a kobold on level 6 of the Dungeon)

   It burns those it strikes, dealing additional fire damage.
   Str:       It affects your strength (+3).
   rF:        It protects you from fire.
   rC:        It protects you from cold.
Missiles
 v - a throwing net
Armour
 i - a +1 buckler (worn)
 q - a +0 cloak (worn)
 w - a +0 helmet (worn)
 A - a +0 pair of boots (worn)
 H - a +1 leather armour of willpower (worn)
Magical Staves
 E - a staff of fire (weapon)
Jewellery
 k - a ring of positive energy
 o - a ring of flight
 D - a ring of willpower
 I - a ring of fire (left hand)
 L - a ring of magical power (right hand)
Wands
 t - a wand of polymorph (9)
 x - a wand of flame (25)
 y - a wand of iceblast (15)
 J - a wand of mindburst (4)
Scrolls
 c - a scroll of acquirement
 d - 2 scrolls of immolation
 j - 3 scrolls of enchant armour
 l - 2 scrolls of summoning
 m - 2 scrolls of blinking {unknown}
 r - 2 scrolls of enchant weapon {unknown}
 s - 2 scrolls of brand weapon {unknown}
 B - 2 scrolls of fog {unknown}
 F - a scroll of silence {unknown}
 K - a scroll of torment {unknown}
Potions
 a - 2 potions of haste
 b - a potion of magic
 e - a potion of heal wounds
 f - 4 potions of curing
 g - a potion of resistance {unknown}
 h - a potion of might {unknown}
 n - a potion of brilliance {unknown}
 p - 2 potions of lignification {unknown}
 u - 2 potions of degeneration {unknown}
 z - a potion of ambrosia {unknown}
 C - 4 potions of flight {unknown}


   Skills:
 + Level 4.4 Fighting
 + Level 5.3 Dodging
 - Level 2.0 Stealth
 + Level 8.4 Spellcasting
 + Level 9.0 Conjurations
 + Level 9.5 Fire Magic
 + Level 0.0 Earth Magic


You had 2 spell levels left.
You knew the following spells:

 Your Spells              Type           Power      Damage    Failure   Level
a - Foxfire               Conj/Fire      100%       2x1d9     1%          1
b - Scorch                Fire           100%       2d10      1%          2
c - Conjure Flame         Conj/Fire      80%        6-21      1%          3
d - Inner Flame           Hex/Fire       58%        N/A       1%          3
e - Flame Wave            Conj/Fire      80%        2d14      1%          4
f - Iskenderun's Battles  Conj           44%        2d10      3%          5
g - Iron Shot             Conj/Erth      13%        9d3       65%         6

Your spell library contained the following spells:

 Spells                   Type           Power      Damage    Failure   Level
 Fulminant Prism          Conj/Hex       13%        3d9       7%          4
 Spellforged Servitor     Conj/Summ      13%        N/A       99%         7


Dungeon Overview and Level Annotations

Branches:
Dungeon (10/15)            Temple (1/1) D:4            Lair (0/6) D:9
    Orc: D:9-12

Altars:
Ashenzari
Dithmenos
Elyvilon
Fedhas
Gozag
Hepliaklqana
Kikubaaqudgha
Makhleb
Nemelex Xobeh
Okawaru
Qazlal
Ru
Sif Muna
Trog
Uskayaw
Vehumet
Wu Jian
Xom
Zin
The Shining One

Shops:
D:1 =   D:3 =

Annotations:
D:7 1 runed translucent door, zishaf's ghost, novice DDNe
D:10 Urug


Message History

The yak is moderately wounded.
The flame wave engulfs the yak!
The yak is moderately wounded.
The flame wave engulfs the yak!!
The yak is heavily wounded.
The flame wave engulfs the yak!
The yak is moderately wounded.
The flame wave engulfs Urug!
Urug is lightly wounded.
The flame wave engulfs the yak.
The yak is lightly wounded.
You hear a bellow! x2
The yak gores you! The yak gores you but does no damage. The yak gores you!
Unknown command.
A wave of flame ripples out!
The flame wave engulfs the yak!
The yak is severely wounded.
The flame wave engulfs the yak!
The yak is severely wounded.
The flame wave engulfs the yak but does no damage.
The yak is moderately wounded.
The flame wave engulfs the yak!
The yak is almost dead.
The flame wave engulfs Urug!
Urug is moderately wounded.
The flame wave engulfs the yak!
The yak is moderately wounded.
The flame wave engulfs the yak!!
The yak is almost dead.
The flame wave engulfs the yak!!
The yak is severely wounded.
You finish channelling waves of flame.
Urug howls with blood-lust.
Urug hits you with a +4 eveningstar!!
* * * LOW HITPOINT WARNING * * *
The yak barely misses you. x2; The yak gores you.
* * * LOW HITPOINT WARNING * * *
Unknown command.
Unknown command.
Urug hits you with a +4 eveningstar!!
You die...

... .#.
..##.. ..#
...#.## ..
#Y#...# ..
#Y#...##..
#..Y....#
#YYY./..#
#.@YY...#
#.Yo.†<†#
###...†##
#..>....
##...###
#...#
....y
###.### ..


You could see Urug, 9 yaks and a vampire mosquito.

Vanquished Creatures
  Pikel (D:5)
  Joseph (D:8)
  Sigmund (D:3)
  A shadow (D:9)
  3 wyverns
  4 steam dragons
  7 yaks
  4 water moccasins
  2 ice beasts
  8 orc warriors
  A black bear (D:6)
  4 centaurs
  A kobold brigand (D:6)
  2 necrophages
  3 bullfrogs
  2 gnoll sergeants
  3 scorpions
  10 wights
  5 killer bees (D:9)
  A gnoll shaman (D:7)
  10 orc priests
  6 jellies
  2 hounds
  5 orc wizards
  5 iguanas
  14 gnolls
  11 adders
  2 shadow imps
  2 ufetubi (D:5)
  4 worms
  6 dart slugs
  42 orcs
  7 ball pythons
  11 endoplasms
  4 giant cockroaches
  6 goblins
  4 hobgoblins
  2 jackals
  11 kobolds
  A quokka (D:2)
  5 bats
  2 frilled lizards
  5 rats
231 creatures vanquished.

Vanquished Creatures (others)
  An orc wizard (D:8)
  631 foxfires
632 creatures vanquished.

Grand Total: 863 creatures vanquished

Notes
Turn   | Place    | Note
-------+----------+-------------------------------------------
     0 | D:1      | siradein the Human Fire Elementalist began the quest for
                  | the Orb.
     0 | D:1      | Reached XP level 1. HP: 13/13 MP: 3/3
     1 | D:1      | Found a faded altar of an unknown god.
   179 | D:1      | Found Enlixt's Jewellery Boutique.
   189 | D:1      | Reached XP level 2. HP: 19/19 MP: 0/5
   764 | D:1      | Reached XP level 3. HP: 23/24 MP: 3/6
  1405 | D:2      | Learned a level 2 spell: Scorch
  1409 | D:2      | Learned a level 3 spell: Conjure Flame
  1544 | D:2      | Reached XP level 4. HP: 30/30 MP: 4/8
  2554 | D:2      | Reached XP level 5. HP: 30/35 MP: 5/9
  2646 | D:2      | Learned a level 3 spell: Inner Flame
  3253 | D:3      | Found Jeamahi's One-of-a-Kind Rings.
  3552 | D:3      | Reached XP level 6. HP: 41/41 MP: 1/11
  4105 | D:3      | Noticed Sigmund
  4114 | D:3      | Killed Sigmund
  4115 | D:3      | Reached XP level 7. HP: 46/46 MP: 6/13
  4546 | D:4      | Reached skill level 5 in Fire Magic
  4617 | D:4      | Learned a level 4 spell: Flame Wave
  4819 | D:4      | Found a staircase to the Ecumenical Temple.
  5483 | Temple   | Entered the Ecumenical Temple
  5594 | Temple   | Became a worshipper of Vehumet
  5845 | D:5      | Entered Level 5 of the Dungeon
  5945 | D:5      | Noticed Pikel
  6289 | D:5      | Noticed a wyvern
  6295 | D:5      | Killed a wyvern
  6296 | D:5      | Reached XP level 8. HP: 32/52 MP: 8/15
  6525 | D:5      | Noticed a wyvern
  6535 | D:5      | Killed a wyvern
  6536 | D:5      | Reached skill level 5 in Spellcasting
  6536 | D:5      | Reached skill level 5 in Conjurations
  6720 | D:5      | Killed Pikel
  6951 | D:5      | Reached XP level 9. HP: 57/57 MP: 14/17
  6957 | D:5      | Learned a level 5 spell: Iskenderun's Battlesphere
  7608 | D:5      | Identified 2 scrolls of acquirement
  7608 | D:5      | Acquired a staff of fire
  7990 | D:6      | Identified the +2 scale mail of the Blessed Realm {rN+
                  | Will- rCorr Int+2 Slay+5}
  8094 | D:6      | Reached * piety under Vehumet
  8094 | D:6      | Offered knowledge of Sandblast by Vehumet.
  8204 | D:6      | Identified the +2 flail of Meidesa {flame, rF+ rC+ Str+3}
  9130 | D:7      | Found a shimmering blue altar of Sif Muna.
  9202 | D:7      | Found a runed translucent door.
  9202 | D:7      | Noticed zishaf's ghost (novice DDNe)
  9722 | D:7      | Reached XP level 10. HP: 45/63 MP: 16/20
 10331 | D:8      | Reached ** piety under Vehumet
 10331 | D:8      | Offered knowledge of Magic Dart by Vehumet.
 10512 | D:8      | Reached skill level 1 in Fighting
 10642 | D:8      | Found a broken altar of Ashenzari.
 10661 | D:8      | Noticed Joseph
 10670 | D:8      | Killed Joseph
 11552 | D:8      | Offered knowledge of Frozen Ramparts by Vehumet.
 11867 | D:8      | Noticed an eight-headed hydra
 12355 | D:8      | Found an opulent altar of Gozag.
 12888 | D:8      | Reached XP level 11. HP: 75/75 MP: 17/23
 13237 | D:9      | Reached *** piety under Vehumet
 13994 | D:9      | Reached skill level 5 in Dodging
 14184 | D:9      | Found a staircase to the Lair.
 14548 | D:10     | Entered Level 10 of the Dungeon
 14556 | D:10     | Noticed Urug
 14560 | D:9      | Offered knowledge of Fulminant Prism by Vehumet.
 14568 | D:9      | Learned a level 6 spell: Iron Shot
 14690 | D:10     | Demolished by Urug

Illustrated notes

Levels and vault maps discovered:
D:1:      mrwooster_arrival_statue, layout_loops_ring,
          ebering_ecumenical_altar_sacrificial, serial_shops, shop_coins,
          glass_columns_a, serial_park_tiny_2
D:2:      minmay_razor_zed, layout_loops_ring
D:3:      layout_loops_corners, nicolae_shop_unique_rings, uniq_sigmund
D:4:      layout_loops_corners, temple_doors_e
D:5:      layout_layer_cave, grunt_ministairs_15, moated_statue, uniq_pikel
D:6:      layout_loops_ring
D:7:      layout_basic, lemuel_crystal_altar, hellmonk_ghost_happy_afterlife,
          serial_glass, glass_columns_b, glass_columns_a, glass_columns_c,
          glass_columns_c, glass_columns_a, glass_columns_a, glass_columns_a,
          glass_columns_b
D:8:      layout_basic, ashenzari_altar_1, special_room [special_room_orc],
          minmay_ruined_shrine, uniq_joseph
D:9:      nicolae_whirlpool, layout_loops_ring, lair_entry_dummy
D:10:     hellmonk_destroyed_diamonds, layout_loops_ring,
          mainiacjoe_overflow_large_starburst, serial_aquarium,
          aquarium_bridge_square [aquarium_subvault_window,
          aquarium_subvault_bridge, aquarium_subvault_wall,
          aquarium_subvault_bridge], aquarium_window_1, aquarium_window_1,
          aquarium_view_2b, aquarium_view_2e, aquarium_balcony_3b,
          minmay_radiant, uniq_urug
Temple:   mainiacjoe_temple_coin_purse

Skill      XL: |  1  2  3  4  5  6  7  8  9 10 11 |
---------------+----------------------------------+-----
Conjurations   | 2 3 4 6 7 8 9 |  9.0
Spellcasting   | 3 4 5 7 8 |  8.4
Fire Magic     | 4 5 6 8 9 |  9.5
Dodging        | 4 5 |  5.3
Fighting       | 3 4 |  4.4
Stealth        | |  2.0

Action                   |  1- 3 |  4- 6 |  7- 9 | 10-12 || total
-------------------------+-------+-------+-------+-------++-------
Melee: Staff             |       |       |       |     4 ||     4
 Cast: Foxfire           |    49 |    71 |   147 |   112 ||   379
       Scorch            |       |    10 |    44 |    33 ||    87
       Inner Flame       |       |       |     2 |    32 ||    34
       Flame Wave        |       |       |     2 |     8 ||    10
       Conjure Flame     |       |       |       |    24 ||    24
  Use: Scroll            |       |     1 |     6 |     7 ||    14
Armor: Robe              |     6 |    11 |    14 |       ||    31
       Leather armour    |       |       |     9 |    28 ||    37
Dodge: Dodged            |     7 |    30 |    61 |    66 ||   164
Block: Buckler           |       |    10 |    21 |    16 ||    47

Table legend: (Time is in decaauts)
 A = Elapsed time spent in this place.
 B = Non-inter-level travel time spent in this place.
 C = Inter-level travel time spent in this place.
 D = Time resting spent in this place.
 E = Time spent auto-exploring this place.
 F = Levels seen in this place.
 G = Mean time per level.
                   A        B        C        D        E       F      G
               +--------+--------+--------+--------+--------+-----+--------+
         Total |  14700 |  14227 |    473 |    770 |  10890 |  11 | 1336.4 |
       Dungeon |  14575 |  14102 |    473 |    770 |  10810 |  10 | 1457.5 |
        Temple |    124 |    124 |      0 |      0 |     80 |   1 |  124.0 |
               +--------+--------+--------+--------+--------+-----+--------+

Top non-repeatable levels by time:
     D:8: 2692 daAuts
     D:2: 1865 daAuts
     D:4: 1666 daAuts
     D:9: 1560 daAuts
     D:5: 1536 daAuts
     D:6: 1491 daAuts
     D:3: 1403 daAuts
     D:7: 1300 daAuts
     D:1: 1044 daAuts
  Temple: 124 daAuts
    D:10: 15 daAuts
